 Dungeon Crawl Stone Soup version 0.29.0-5-ge4962eb29e (webtiles) character file.

Game seed: 17869246959985780681

11 PieDemon the Digger (level 2, -6/20 HPs)
             Began as a Meteoran Earth Elementalist on Aug 29, 2022.
             Mangled by an iguana (9 damage)
             ... on level 4 of the Dungeon.
             The game lasted 00:03:19 (416 turns).

PieDemon the Digger (Meteoran Earth Elementalist)    Turns: 416, Time: 00:03:22

Health: -6/20      AC:  2    Str:  9    XL:     2   Next: 52%
Magic:  3/6        EV: 12    Int: 16    God:
Gold:   60         SH:  0    Dex: 14    Spells: 3/6 levels left

rFire   . . .      SeeInvis .   i - +0 dagger
rCold   . . .      Faith    .   (no shield)
rNeg    . . .      Spirit   .   a - +0 robe
rPois   .          Reflect  .   (no helmet)
rElec   .          Harm     .   (no cloak)
rCorr   .          Rampage  .   (no gloves)
Will    .....                   (no boots)
Stlth   +.........              (no amulet)
HPRegen 0.06/turn               (no ring)
MPRegen 0.10/turn               (no ring)

@: glowing
A: sense surroundings 1, otherworldly, glowing, explore regen
a: no special abilities


You were on level 4 of the Dungeon.
You visited 1 branch of the dungeon, and saw 4 of its levels.

You collected 60 gold pieces.

Inventory:

Hand Weapons
 c - a +0 whip
 i - a +0 dagger (weapon)
 l - a +0 quarterstaff
Armour
 a - a +0 robe (worn)
Wands
 j - a wand of iceblast (11)
Scrolls
 d - 3 scrolls of identify {unknown}
 f - 2 scrolls of blinking {unknown}
Potions
 b - a potion of magic
 e - a potion of ambrosia {unknown}
 g - a potion of mutation {unknown}
 h - a potion of flight {unknown}
 k - a potion of might {unknown}


   Skills:
 - Level 2.4 Dodging
 - Level 1.4 Stealth
 + Level 2.8 Spellcasting
 - Level 1.2 Transmutations
 * Level 4.3 Earth Magic


You had 3 spell levels left.
You knew the following spells:

 Your Spells              Type           Power      Damage    Failure   Level
a - Sandblast             Erth           32%        2d9       3%          1
b - Passwall              Tmut/Erth      9%         N/A       9%          2

Your spell library contained the following spells:

 Spells                   Type           Power      Damage    Failure   Level
 Stone Arrow              Conj/Erth      18%        3d8       24%         3
 Petrify                  Tmut/Erth      11%        N/A       52%         4


Dungeon Overview and Level Annotations

Branches:
Dungeon (4/15) Zot: 1976
 Temple: D:4-7

Altars:
Nemelex Xobeh


Innate Abilities, Weirdness & Mutations

You passively map a small area around you.
You are easily found by Zot.
You glow in the dark.
You regain HP and MP as you explore.


Message History

Found a quarterstaff.
You see here a +0 quarterstaff.
l - a +0 quarterstaff
l - a +0 quarterstaff (weapon)
A rat comes into view.
The blast of sand hits the rat.
You kill the rat!
Found a stone staircase leading down.
There is a stone staircase leading down here.
You climb downwards.
Found a scroll labelled DUAMOYD IDYAMP.
There is a stone staircase leading up here.
i - a +0 dagger (weapon)
Casting: Sandblast (safe; 3% risk of failure)
Confirm with . or Enter, or press ? or * to list all spells.
Aiming: Sandblast (safe; 3% risk of failure)
Press: ? - help, Shift-Dir - straight line, f - iguana
Aim: an iguana (84% to hit)
The blast of sand hits the iguana but does no damage.
The iguana bites you!
Ouch! That really hurt!
The iguana bites you.
* * * LOW HITPOINT WARNING * * *
Casting: Sandblast (safe; 3% risk of failure)
Confirm with . or Enter, or press ? or * to list all spells.
Aiming: Sandblast (safe; 3% risk of failure)
Press: ? - help, Shift-Dir - straight line, f/p - iguana
Aim: an iguana (84% to hit)
The blast of sand hits the iguana.
The iguana is lightly wounded.
The iguana completely misses you.
Casting: Sandblast (safe; 3% risk of failure)
Confirm with . or Enter, or press ? or * to list all spells.
Aiming: Sandblast (safe; 3% risk of failure)
Press: ? - help, Shift-Dir - straight line, f/p - iguana
Aim: an iguana (lightly wounded, 84% to hit)
The blast of sand hits the iguana.
The iguana is moderately wounded.
The iguana closely misses you. The iguana bites you!
You die...

* , ,,
..########
#......@.#
*
#.######l#
* , * **
... , ,
..##* * *
** ..# * ,
, ..# *,
,, .?. *
,, ..# , ,
*


You could see an iguana.

Vanquished Creatures
  A dart slug (D:2)
  3 bats (D:1)
  2 frilled lizards
  2 kobolds (D:1)
  2 rats
10 creatures vanquished.

Notes
Turn   | Place    | Note
-------+----------+-------------------------------------------
     0 | D:1      | PieDemon the Meteoran Earth Elementalist began the quest
                  | for the Orb.
     0 | D:1      | Reached XP level 1. HP: 14/14 MP: 5/5
    87 | D:2      | Reached skill level 4 in Earth Magic
   142 | D:2      | Reached XP level 2. HP: 20/20 MP: 4/6
   205 | D:1      | Learned a level 2 spell: Passwall
   294 | D:2      | Found a sparkling altar of Nemelex Xobeh.
   416 | D:4      | Mangled by an iguana

Illustrated notes

Levels and vault maps discovered:
D:1:      dpeg_arrival_short_road, layout_loops_ring
D:2:      layout_basic, basic_altar
D:3:      layout_basic, overflow_temple_1_default,
          hellmonk_ecumenical_altar_defaced_shrine
D:4:      layout_loops_ring, amcnicky_mini_pool_small

Skill      XL: |  1 |
---------------+----+-----
Earth Magic    | 4 |  4.3
Dodging        | |  2.4
Stealth        | |  1.4
Spellcasting   | |  2.8
Transmutations | |  1.2

Action                   || total
-------------------------++-------
Melee: Whip              ||     7
 Cast: Sandblast         ||    16
Armor: Robe              ||     8
Dodge: Dodged            ||     7
